[Event "Titled Tuesday Blitz November 14 Late 2023"]
[White "Schnaider, Ilan"]
[Black "Rangel, Daniel"]
[WhiteFideId "169013"]
[BlackFideId "2124475"]
[WhiteElo "2730"]
[BlackElo "2513"]
[Result "1-0"]
[Round "3"]
[TimeControl "180+1"]
[Date "2023.11.14"]
[WhiteClock "0:00:11"]
[BlackClock "0:00:08"]
[Board "58"]

1. e4 c5 2. Nf3 g6 3. c3 Bg7 4. d4 cxd4 5. cxd4 d5 6. e5 Bg4 7. Be3 e6 8. Nbd2 Ne7 9. Bd3 O-O 10. O-O Nbc6 11. h3 Bxf3 12. Nxf3 a6 13. Qd2 b5 14. Bg5 Qb6 15. Bf6 Rfc8 16. h4 Ra7 17. h5 Nxd4 18. Qg5 Nxf3+ 19. gxf3 Nf5 20. Bxf5 exf5 21. Rac1 Rxc1 22. Rxc1 Rc7 23. Rxc7 Qxc7 24. Bxg7 Kxg7 25. Qf6+ Kg8 26. Kg2 Qc8 27. h6 Qf8 28. e6 fxe6 29. Qxe6+ Qf7 30. Qc8+ Qf8 31. Qe6+ Qf7 32. Qxa6 Qd7 33. Kf1 d4 34. Ke2 Kf7 35. Kd3 Qd5 36. Qa7+ Kf6 37. Qxd4+ Qxd4+ 38. Kxd4 Kg5 39. b3 b4 40. Kc4 Kxh6 41. Kxb4 Kg5 42. a4 h5 43. a5 h4 44. a6 h3 45. a7 h2 46. a8=Q h1=Q 47. f4+ Kxf4 48. Qxh1 g5 49. Kc4 1-0


[Site "https://www.chess.com"]

[Event "Titled Tuesday Blitz November 14 Late 2023"]
[White "Richter, Paul"]
[Black "Goltsev, Dmitry"]
[WhiteFideId "2046350"]
[BlackFideId "24176710"]
[WhiteElo "2511"]
[BlackElo "2728"]
[Result "1-0"]
[Round "3"]
[TimeControl "180+1"]
[Date "2023.11.14"]
[WhiteClock "0:00:06"]
[BlackClock "0:00:01"]
[Board "59"]

1. e4 e6 2. d4 d5 3. Nc3 c5 4. exd5 exd5 5. Nf3 Nf6 6. Bb5+ Nc6 7. h3 Bd6 8. dxc5 Bxc5 9. O-O O-O 10. Bg5 h6 11. Bxf6 Qxf6 12. Qxd5 Bb6 13. Bd3 Re8 14. Rfe1 Be6 15. Qe4 g6 16. Nd5 Bxd5 17. Qxd5 Kg7 18. Qb5 Rad8 19. Rxe8 Rxe8 20. c3 Re7 21. Rf1 Ne5 22. Nxe5 Rxe5 23. Qc4 Rg5 24. Qe4 Qd6 25. Kh1 Re5 26. Qf3 Bc7 27. g3 Re6 28. Bc4 Rf6 29. Qe4 b6 30. Kg2 Qc5 31. Bb3 a5 32. h4 h5 33. a4 Bd6 34. Qd5 Qc7 35. f4 Bc5 36. Re1 Rd6 37. Qf3 Rd2+ 38. Re2 Qd6 39. Kh3 Rd3 40. Qe4 Qd7+ 41. Kg2 Qd6 42. Qe8 Rd2 43. Qxf7+ Kh6 44. Qe8 Rxe2+ 45. Qxe2 Qc6+ 46. Qf3 Qd7 47. Qe2 Qc6+ 48. Kh2 Qd7 49. Bc2 Qd6 50. Qe4 Qd2+ 51. Kh3 Qd6 52. f5 Qd7 53. Kh2 gxf5 54. Qxf5 Qd2+ 55. Kh3 Qd6 56. Qh7# 1-0


[Site "https://www.chess.com"]

[Event "Titled Tuesday Blitz November 14 Late 2023"]
[White "Ferreira, Vitor Hugo Vieira"]
[Black "Arifarsky"]
[WhiteFideId "2119765"]
[WhiteElo "2511"]
[BlackElo "2724"]
[Result "1/2-1/2"]
[Round "3"]
[TimeControl "180+1"]
[Date "2023.11.14"]
[WhiteClock "0:00:18"]
[BlackClock "0:00:10"]
[Board "60"]

1. d4 Nf6 2. c4 e6 3. Nf3 d5 4. Nc3 dxc4 5. e4 b5 6. e5 Nd5 7. Nxb5 Nb6 8. Be2 Nc6 9. O-O Bb7 10. Be3 a6 11. Nc3 Be7 12. Rc1 O-O 13. Nb1 Qd5 14. Nbd2 Nb4 15. Nxc4 Qd7 16. a3 Nxc4 17. Bxc4 Nd5 18. Bg5 Rfd8 19. Bxe7 Nxe7 20. Qe2 Bxf3 21. Qxf3 Qxd4 22. Rfd1 Qxb2 23. Bxa6 Qxe5 24. Bb7 Rab8 25. Be4 g6 26. h4 h5 27. g3 Kg7 28. Re1 Qa5 29. Qc3+ Qxc3 30. Rxc3 Rd7 31. Rec1 Rc8 32. Bb7 Rcd8 33. Rxc7 Kf6 34. a4 Rxc7 35. Rxc7 Rd1+ 36. Kg2 Ra1 37. Rc4 Nf5 38. Rf4 Ke7 39. Ba6 Rb1 40. Bd3 Ra1 41. Bxf5 exf5 42. Rb4 Kf6 43. Rb6+ Ke5 44. Rb7 Ke6 45. Ra7 Ra3 46. a5 Kf6 47. Ra6+ Kg7 48. Ra8 Kf6 49. Kf1 Ra2 50. Kg2 Kg7 51. Kf3 Ra4 52. Ke3 Ra3+ 53. Kf4 Kf6 54. Ra6+ Kg7 55. Ra7 Ra4+ 56. Kf3 Kf6 57. a6 Kg7 58. Ra8 Kf6 59. Ke3 Ra3+ 60. Kd4 Ra2 61. a7 Ra4+ 62. Kc5 Ra1 63. Kb6 Rb1+ 64. Kc7 Rc1+ 65. Kd8 Ra1 66. Ke8 Kg7 67. Kd7 Kf6 68. Kc6 Rc1+ 69. Kb7 Rb1+ 70. Kc6 Rc1+ 71. Kd5 Rd1+ 72. Kc4 Rc1+ 73. Kd3 Ra1 74. Ke3 Ra4 75. Kd3 Ra3+ 76. Kc4 Ra2 77. Kb3 Ra1 78. Kb2 Ra6 79. Kc2 Ra2+ 80. Kb3 Ra6 81. Kc4 Ra1 82. Kc5 Rc1+ 83. Kd6 Rd1+ 84. Kc7 Rc1+ 85. Kb7 Rb1+ 86. Kc6 Rc1+ 1/2-1/2


[Site "https://www.chess.com"]

[Event "Titled Tuesday Blitz November 14 Late 2023"]
[White "Rohan, Ahuja"]
[Black "jactorres"]
[WhiteFideId "5090598"]
[WhiteElo "2707"]
[BlackElo "2511"]
[Result "1-0"]
[Round "3"]
[TimeControl "180+1"]
[Date "2023.11.14"]
[WhiteClock "0:00:38"]
[BlackClock "0:00:06"]
[Board "61"]

1. Nf3 Nf6 2. g3 b6 3. Bg2 Bb7 4. O-O e6 5. c4 c5 6. Nc3 Be7 7. d4 cxd4 8. Qxd4 Nc6 9. Qf4 O-O 10. Rd1 Rc8 11. b3 Qc7 12. Qxc7 Rxc7 13. Nb5 Rcc8 14. Bf4 d5 15. Ne5 Nxe5 16. Bxe5 a6 17. Nd6 Bxd6 18. Bxd6 Rfe8 19. Be5 Ne4 20. Bxe4 dxe4 21. Rd6 f6 22. Bd4 b5 23. Rb6 Bc6 24. Rxa6 bxc4 25. bxc4 Bb7 26. Ra7 Rxc4 27. Bxf6 gxf6 28. Rxb7 Rc2 29. a4 Rd8 30. a5 Rdd2 31. a6 Rxe2 32. Rf1 Ra2 33. a7 e3 34. Rb8+ Kg7 35. a8=Q exf2+ 36. Kg2 Rxa8 37. Rxa8 1-0


[Site "https://www.chess.com"]

[Event "Titled Tuesday Blitz November 14 Late 2023"]
[White "HeroRubiksCube"]
[Black "Boyer, Mahel"]
[BlackFideId "45102422"]
[WhiteElo "2510"]
[BlackElo "2699"]
[Result "0-1"]
[Round "3"]
[TimeControl "180+1"]
[Date "2023.11.14"]
[WhiteClock "0:00:05"]
[BlackClock "0:00:08"]
[Board "62"]

1. e4 c6 2. Nf3 d5 3. Nc3 dxe4 4. Nxe4 Bf5 5. Ng3 Bg6 6. h4 f6 7. d4 e5 8. dxe5 Qxd1+ 9. Kxd1 Nd7 10. h5 Bf7 11. Bd3 O-O-O 12. Re1 fxe5 13. Nxe5 Nxe5 14. Rxe5 Bd6 15. Rg5 Nf6 16. Rxg7 Bc4 17. Ke2 Rhe8+ 18. Be3 Bxd3+ 19. cxd3 Bxg3 20. Rxg3 Nxh5 21. Rf3 Rg8 22. Rh1 Rd5 23. Rfh3 Nf6 24. g3 h5 25. Rh4 Rgd8 26. d4 Re8 27. Kf3 Re6 28. Rc1 b6 29. Rf4 Kb7 30. b4 a5 31. a3 Ka6 32. Bd2 a4 33. Re1 Rxe1 34. Bxe1 Ng4 35. Bd2 Kb5 36. Ke4 Kc4 37. f3 Nf2+ 38. Ke3 Nd1+ 39. Ke2 Nb2 40. Re4 Nd3 41. Ke3 Nb2 42. f4 Kb3 43. Re5 Nc4+ 44. Ke4 Nxd2+ 45. Kf5 Kc4 46. Ke6 Nf3 47. Rxd5 cxd5 48. f5 Nxd4+ 49. Ke5 Nxf5 50. Kxf5 d4 0-1


[Site "https://www.chess.com"]

[Event "Titled Tuesday Blitz November 14 Late 2023"]
[White "Hamitevici, Vladimir"]
[Black "Pesotskiy, Mikhail"]
[WhiteFideId "13902393"]
[BlackFideId "34164453"]
[WhiteElo "2697"]
[BlackElo "2509"]
[Result "1-0"]
[Round "3"]
[TimeControl "180+1"]
[Date "2023.11.14"]
[WhiteClock "0:01:14"]
[BlackClock "0:01:17"]
[Board "63"]

1. e4 e6 2. f4 d5 3. e5 c5 4. Nf3 Nc6 5. c3 Qb6 6. Na3 f6 7. Nc2 Bd7 8. d4 cxd4 9. cxd4 Nb4 10. Nxb4 Bxb4+ 11. Bd2 Ne7 12. Bxb4 Qxb4+ 13. Qd2 Qxd2+ 14. Kxd2 Rc8 15. Bd3 O-O 16. Rac1 Rxc1 17. Rxc1 Rc8 18. Rg1 Be8 19. g4 fxe5 20. dxe5 Bg6 21. Nd4 Bxd3 22. Kxd3 Kf7 23. Nb5 Rc5 24. Nd6+ Kg6 25. f5+ exf5 26. gxf5+ Kh6 27. Nf7+ Kh5 28. Rxg7 Nxf5 29. Rg5+ 1-0


[Site "https://www.chess.com"]

[Event "Titled Tuesday Blitz November 14 Late 2023"]
[White "Kanyamarala, Tarun"]
[Black "Shuvalova, Polina"]
[WhiteFideId "45004714"]
[BlackFideId "24171760"]
[WhiteElo "2508"]
[BlackElo "2688"]
[Result "0-1"]
[Round "3"]
[TimeControl "180+1"]
[Date "2023.11.14"]
[WhiteClock "0:00:49"]
[BlackClock "0:00:49"]
[Board "64"]

1. d4 Nf6 2. c4 e6 3. Nc3 d5 4. cxd5 Nxd5 5. e4 Nxc3 6. bxc3 c5 7. Rb1 Be7 8. Bc4 O-O 9. Nf3 a6 10. a4 cxd4 11. cxd4 Qc7 12. Qe2 Bd7 13. Qa2 Rc8 14. Ne5 Bf6 15. Be2 Qc3+ 16. Bd2 Qxd4 17. Nxd7 Nxd7 18. O-O Rc7 19. Be3 Qe5 20. Rfd1 Rac8 21. Qb3 Nc5 22. Bxc5 Qxc5 23. g3 g6 24. Kg2 Kg7 25. h4 h5 26. Qd3 Rd8 27. Qb3 Rd4 28. Rdc1 Qxc1 29. Rxc1 Rxc1 30. Qxb7 Rd2 31. Qxa6 Rcc2 32. Kf3 Rxe2 33. Qxe2 Rxe2 34. Kxe2 Bc3 35. Kd3 Be1 36. Ke2 Ba5 37. Kd3 Kf6 38. f4 Be1 39. Kc4 Bxg3 40. a5 Bxf4 41. a6 0-1


[Site "https://www.chess.com"]

[Event "Titled Tuesday Blitz November 14 Late 2023"]
[White "CuteSheepCloud"]
[Black "Kuznecovs, Nikita"]
[BlackFideId "11604557"]
[WhiteElo "2681"]
[BlackElo "2506"]
[Result "0-1"]
[Round "3"]
[TimeControl "180+1"]
[Date "2023.11.14"]
[WhiteClock "0:01:28"]
[BlackClock "0:00:23"]
[Board "65"]

1. e4 e6 2. d4 d5 3. Nc3 Nf6 4. e5 Nfd7 5. f4 c5 6. Nf3 Nc6 7. Be3 Be7 8. Qd2 O-O 9. O-O-O c4 10. f5 b5 11. Nxb5 Rb8 12. Nc3 Qa5 13. Re1 exf5 14. g3 Ba6 15. Bh3 Rxb2 16. Nxd5 Qxa2 17. Nxe7+ Nxe7 18. Kd1 Nd5 19. Bxf5 c3 20. Qc1 N7b6 21. Ng5 h6 22. Ne4 Rb1 23. Re2 Nc4 24. Ke1 Ncxe3 25. Kf2 Rxc1 26. Rxc1 Nxf5 27. Nc5 Bxe2 28. Kxe2 Qc4+ 29. Kf3 Nxd4+ 30. Kg2 Qxc5 31. h3 Ne3+ 32. Kf2 Nexc2 33. Kg2 Nb3 0-1


[Site "https://www.chess.com"]

[Event "Titled Tuesday Blitz November 14 Late 2023"]
[White "Kochiev, Ivan"]
[Black "Zakaryan, David"]
[WhiteFideId "2917890"]
[BlackFideId "24101923"]
[WhiteElo "2506"]
[BlackElo "2675"]
[Result "0-1"]
[Round "3"]
[TimeControl "180+1"]
[Date "2023.11.14"]
[WhiteClock "0:00:01"]
[BlackClock "0:00:12"]
[Board "66"]

1. e4 e6 2. d4 d5 3. Nd2 c5 4. exd5 Qxd5 5. Ngf3 cxd4 6. Bc4 Qd6 7. O-O Nf6 8. Nb3 Nc6 9. Nbxd4 Nxd4 10. Nxd4 a6 11. c3 Qc7 12. Bd3 Bd6 13. h3 O-O 14. Qf3 Bh2+ 15. Kh1 Be5 16. Ne2 Bd7 17. Bf4 Bc6 18. Qe3 Bxf4 19. Nxf4 Rad8 20. Rad1 Rd7 21. Bc2 Rfd8 22. Nd3 Be4 23. Rd2 Qc6 24. f3 Bxd3 25. Rxd3 Rxd3 26. Bxd3 Qd5 27. Rd1 g6 28. Bc2 Qa5 29. Rxd8+ Qxd8 30. Qe5 Kg7 31. Be4 b6 32. Kh2 h6 33. Bc2 a5 34. Bb3 Qd2 35. Qc7 Qe3 36. Qc6 Nh5 37. Qc7 Nf4 38. Qd6 g5 39. Qd1 h5 40. Qg1 Qd2 41. h4 gxh4 42. Bc4 h3 43. Kg3 hxg2 44. b4 axb4 45. cxb4 e5 46. b5 Qc3 47. Qxb6 Qxc4 0-1


[Site "https://www.chess.com"]

[Event "Titled Tuesday Blitz November 14 Late 2023"]
[White "Erzhanov, Arman"]
[Black "Luczak, Filip"]
[WhiteFideId "4138821"]
[BlackFideId "1193686"]
[WhiteElo "2505"]
[BlackElo "2659"]
[Result "0-1"]
[Round "3"]
[TimeControl "180+1"]
[Date "2023.11.14"]
[WhiteClock "0:00:01"]
[BlackClock "0:00:08"]
[Board "67"]

1. e4 g6 2. d4 Bg7 3. Nc3 c5 4. d5 a6 5. a4 d6 6. Nf3 Bg4 7. Be2 Bxf3 8. Bxf3 Nd7 9. O-O Ngf6 10. Re1 O-O 11. Bf4 Qb6 12. Ra2 c4 13. Be2 Rac8 14. Be3 Qc7 15. f3 Rb8 16. a5 Rfc8 17. Bf1 Nh5 18. Qd2 Ra8 19. Na4 Nhf6 20. Kh1 h5 21. Rb1 Rab8 22. Re1 Ra8 23. Bd4 Ne8 24. Bg1 Rab8 25. Rb1 Ra8 26. Re1 Rab8 27. Be3 Ra8 28. Rb1 Rab8 29. Rd1 Ra8 30. Bg5 Kf8 31. Be3 Rab8 32. Rb1 Ra8 33. Ra3 Rab8 34. g3 Kg8 35. Bh3 Nef6 36. Nb6 Re8 37. Na4 e6 38. dxe6 Rxe6 39. Bxe6 fxe6 40. Rd1 d5 41. Nb6 Nxb6 42. Bxb6 Qc6 43. e5 Nd7 44. f4 Nxb6 45. axb6 Qxb6 46. Qd4 Qc6 47. Ra5 Bf8 48. c3 Ra8 49. Rda1 b5 50. Qd2 Bc5 51. Qg2 Qb7 52. Qf3 Bb6 53. R5a2 a5 54. Rf1 Rf8 55. h3 b4 56. Kh2 Qc6 57. Raa1 bxc3 58. bxc3 a4 59. h4 Bc5 60. Rfb1 a3 61. Qd1 Be7 62. Qc2 Kg7 63. Rf1 Rf7 64. Rab1 Bf8 65. Qa2 Qc5 66. Qd2 Ra7 67. Ra1 Be7 68. Rfb1 Qc6 69. Rb8 Qc7 70. Rb5 Qc6 71. Rb8 Rb7 72. Rxb7 Qxb7 73. Qc2 Qb3 74. Ra2 Bc5 75. Kg2 d4 76. cxd4 Bxd4 77. Kf1 Bb2 78. Qe4 Qxa2 79. Qb7+ Kh6 80. Qf7 Qb1+ 81. Kg2 Qe4+ 82. Kh2 Qc2+ 83. Kg1 Bd4+ 84. Kh1 Qe4+ 85. Kh2 Qe2+ 86. Kh3 Qf1+ 87. Kh2 Qg1+ 88. Kh3 Qh1# 0-1


[Site "https://www.chess.com"]

[Event "Titled Tuesday Blitz November 14 Late 2023"]
[White "Martinez Ramirez, Lennis"]
[Black "Hajiyev, Kanan"]
[WhiteFideId "3509079"]
[BlackFideId "13404148"]
[WhiteElo "2646"]
[BlackElo "2498"]
[Result "1-0"]
[Round "3"]
[TimeControl "180+1"]
[Date "2023.11.14"]
[WhiteClock "0:00:18"]
[BlackClock "0:00:08"]
[Board "68"]

1. c4 c6 2. e4 d5 3. exd5 cxd5 4. cxd5 Nf6 5. Nc3 Nxd5 6. Bc4 e6 7. Nf3 Nc6 8. O-O Be7 9. d4 O-O 10. Re1 Nf6 11. Bg5 h6 12. Bh4 Nh5 13. Bxe7 Nxe7 14. Ne5 Nf4 15. Qf3 Ned5 16. Re4 Qf6 17. Bxd5 Nxd5 18. Nxd5 exd5 19. Rf4 Qb6 20. Rxf7 Be6 21. Rxf8+ Rxf8 22. Qc3 Rc8 23. Qd2 Qc7 24. f3 Qc2 25. Rd1 a5 26. h4 a4 27. Kh2 b5 28. a3 Kh7 29. Nd3 Qc7+ 30. Qf4 Bf5 31. Qxc7 Rxc7 32. Nc5 Re7 33. Rd2 Re1 34. g4 Bb1 35. h5 Kg8 36. Kg3 Kf7 37. Kf2 Rh1 38. Ke3 Ba2 39. Nd3 Bc4 40. Ne5+ Ke6 41. Kf4 Rb1 42. Nxc4 bxc4 43. Re2+ Kd6 44. Kf5 Rd1 45. Kg6 Rxd4 46. Kxg7 Rf4 47. Rf2 d4 48. Kxh6 d3 49. Kg5 Ke5 50. h6 Rf8 51. h7 Kd4 52. f4 Ke3 53. Rh2 d2 54. Rxd2 Kxd2 55. Kh6 Kc2 56. g5 Kxb2 57. g6 c3 58. g7 Rf6+ 59. Kg5 Rc6 60. h8=Q c2 61. g8=Q+ Kb1 62. Qb8+ Kc1 63. Qbb2+ Kd1 64. Qhd4+ 1-0


[Site "https://www.chess.com"]

[Event "Titled Tuesday Blitz November 14 Late 2023"]
[White "Thomforde-Toates, Noah"]
[Black "Rich, Albert J"]
[WhiteFideId "30951992"]
[BlackFideId "2028735"]
[WhiteElo "2630"]
[BlackElo "2495"]
[Result "1-0"]
[Round "3"]
[TimeControl "180+1"]
[Date "2023.11.14"]
[WhiteClock "0:00:12"]
[BlackClock "0:00:00"]
[Board "69"]

1. d4 d6 2. Nc3 Nf6 3. Bf4 Nbd7 4. Nf3 h6 5. h3 e6 6. e4 a6 7. a4 b6 8. Qd2 Bb7 9. Bd3 c5 10. dxc5 Nxc5 11. Qe2 Be7 12. O-O O-O 13. Rfd1 Qc7 14. Rac1 Rfd8 15. b4 Ncd7 16. Nb1 e5 17. Bh2 Re8 18. Nbd2 d5 19. exd5 Bxb4 20. c4 Bd6 21. Ne4 Nxe4 22. Bxe4 Nc5 23. Nd2 Nxa4 24. Qh5 Nc5 25. Rc3 Rf8 26. Rg3 Nxe4 27. Nxe4 f5 28. Nxd6 Qxd6 29. Rg6 Rf6 30. Rxf6 Qxf6 31. d6 Rd8 32. d7 Bc6 33. Qe2 f4 34. Qa2 Qg6 35. f3 Bxf3 36. c5+ Kh7 37. Rd6 Qg5 38. Qc2+ g6 39. c6 Bxc6 40. Qxc6 e4 41. Qxe4 Qc5+ 42. Qd4 1-0


[Site "https://www.chess.com"]

[Event "Titled Tuesday Blitz November 14 Late 2023"]
[White "Jesseinkman"]
[Black "Erenberg, Ariel"]
[BlackFideId "2811634"]
[WhiteElo "2487"]
[BlackElo "2629"]
[Result "1/2-1/2"]
[Round "3"]
[TimeControl "180+1"]
[Date "2023.11.14"]
[WhiteClock "0:00:25"]
[BlackClock "0:01:17"]
[Board "70"]

1. d4 d5 2. Nf3 e6 3. e3 c5 4. b3 Nc6 5. Bb2 Nf6 6. Bd3 b6 7. O-O Be7 8. Nbd2 O-O 9. a3 Bb7 10. Qe2 Rc8 11. c4 cxd4 12. exd4 Re8 13. Rfe1 Bf8 14. Ne5 Nxe5 15. dxe5 Nd7 16. Rad1 Qh4 17. Nf3 Qh5 18. cxd5 Bxd5 19. Bb5 Red8 20. Rxd5 exd5 21. e6 fxe6 22. Qxe6+ Qf7 23. Ng5 Qxe6 24. Nxe6 Nc5 25. Nxd8 Rxd8 26. b4 Ne4 27. Rd1 Rc8 28. Bd7 Rc2 29. Be6+ Kh8 30. Bxd5 Nxf2 31. Rf1 Rxb2 32. Rxf2 Rb1+ 33. Rf1 Rxf1+ 34. Kxf1 a5 35. bxa5 bxa5 36. a4 Bb4 37. Ke2 g6 38. h3 Kg7 39. g4 Kf6 40. Kf3 h6 41. Bc6 g5 42. Bb5 Ke5 43. Bc6 Kd4 44. Bb5 Kc5 45. Be8 Kd6 46. Bb5 Kd5 47. Kg2 Bd6 48. Kf3 Bf4 49. Kg2 Kd4 50. Kf3 Kc3 51. Be8 Kd2 52. Bb5 Kc3 53. Kg2 Kd4 54. Be8 Kc5 55. Bb5 Kd6 56. Kf3 Ke7 57. Kg2 Be5 58. Kf3 Bf4 59. Ke4 Kf6 60. Bd3 Bd6 61. Bb5 Bb4 62. Bc4 1/2-1/2


[Site "https://www.chess.com"]

[Event "Titled Tuesday Blitz November 14 Late 2023"]
[White "ArtemDyachuk"]
[Black "Sztokbant, Bernardo Vainzoff"]
[BlackFideId "2115956"]
[WhiteElo "2627"]
[BlackElo "2485"]
[Result "0-1"]
[Round "3"]
[TimeControl "180+1"]
[Date "2023.11.14"]
[WhiteClock "0:00:00"]
[BlackClock "0:00:03"]
[Board "71"]

1. e4 c5 2. Nf3 e6 3. d4 cxd4 4. Nxd4 Nc6 5. Nc3 Qc7 6. Be3 a6 7. f4 Nf6 8. e5 Ng8 9. Nb3 d6 10. exd6 Bxd6 11. Qf3 Nge7 12. O-O-O Nf5 13. Bd2 O-O 14. g4 Nfe7 15. Ne4 Rd8 16. Bd3 Nb4 17. Bxb4 Bxb4 18. a3 Bd6 19. Nxd6 Rxd6 20. Be4 Nd5 21. Bxd5 exd5 22. Rhe1 Bd7 23. Nd4 Rc8 24. c3 Rf6 25. Rf1 Ba4 26. Rd2 Qc4 27. g5 Qa2 28. Qd3 Rb6 29. Ne2 d4 30. Qf5 Qa1+ 31. Qb1 Qxb1+ 32. Kxb1 dxc3 33. Nxc3 Bb3 34. Re1 h6 35. h4 Be6 36. Re3 Rc4 37. Rf2 Rb3 38. Kc2 Rb6 39. f5 Bd7 40. Re7 Ba4+ 41. Kd3 Rxh4 42. g6 fxg6 43. fxg6 Rxg6 44. Rxb7 Rh3+ 45. Kd2 Rd6+ 46. Ke1 Rh1+ 47. Ke2 Bc6 48. Rc7 Kh7 49. Rff7 Re6+ 50. Kd3 Rh3+ 51. Kc4 Rg3 52. Kc5 Bg2 53. Kb4 h5 54. Na4 Rg4+ 55. Ka5 h4 56. Nc5 Re5 57. Kb6 h3 58. Rf5 Rg6+ 0-1


[Site "https://www.chess.com"]

[Event "Titled Tuesday Blitz November 14 Late 2023"]
[White "MFatigue"]
[Black "Principe, Gerson"]
[BlackFideId "3804550"]
[WhiteElo "2476"]
[BlackElo "2621"]
[Result "1-0"]
[Round "3"]
[TimeControl "180+1"]
[Date "2023.11.14"]
[WhiteClock "0:00:06"]
[BlackClock "0:00:00"]
[Board "72"]

1. e4 c5 2. a3 d5 3. exd5 Qxd5 4. Nc3 Qd8 5. Nf3 Nf6 6. d4 cxd4 7. Qxd4 Qxd4 8. Nxd4 a6 9. Na4 Nbd7 10. c4 e6 11. Be3 Be7 12. Be2 O-O 13. O-O Nc5 14. Nb6 Rb8 15. Bf4 Bd7 16. Bxb8 Rxb8 17. b4 Nce4 18. Rfd1 Be8 19. Bf3 Nd6 20. c5 Nb5 21. Nxb5 axb5 22. Rd3 Kf8 23. Rad1 h6 24. h4 g5 25. hxg5 hxg5 26. g3 Kg7 27. Kf1 Kf8 28. Ke2 Kg7 29. R1d2 Kf8 30. Kd1 Kg7 31. Kc2 Kf8 32. Kb3 Kg7 33. Bg2 Kf8 34. Bf3 Kg7 35. a4 bxa4+ 36. Nxa4 Bb5 37. Re3 Be8 38. Nc3 g4 39. Bg2 Nd7 40. Re4 Nf6 41. Rc4 b5 42. Rcd4 Rc8 43. R4d3 Kg6 44. f3 gxf3 45. Bxf3 Kg7 46. Ne4 Nd5 47. Nc3 Nf6 48. Ra2 Kf8 49. Ra5 Rb8 50. Rd2 Ng8 51. Ra8 Rxa8 52. Bxa8 f5 53. Ra2 Nf6 54. Ra5 e5 55. Nxb5 e4 56. Nc3 e3 57. c6 Bd6 58. Rxf5 Ke7 59. Rf3 Bf7+ 60. Ka4 e2 61. Nxe2 Bh5 62. Re3+ Kd8 63. Nf4 Bf7 64. b5 Kc7 65. Ka5 Bc5 66. Rd3 Bb6+ 67. Ka6 Bc4 68. Rd1 Bf7 69. g4 1-0


[Site "https://www.chess.com"]

[Event "Titled Tuesday Blitz November 14 Late 2023"]
[White "Khater, Sherif"]
[Black "Kustar, Sandor"]
[WhiteFideId "2034280"]
[BlackFideId "702900"]
[WhiteElo "2620"]
[BlackElo "2467"]
[Result "1-0"]
[Round "3"]
[TimeControl "180+1"]
[Date "2023.11.14"]
[WhiteClock "0:01:42"]
[BlackClock "0:00:03"]
[Board "73"]

1. d4 Nf6 2. Bg5 d5 3. Bxf6 exf6 4. e3 c6 5. c4 Be6 6. cxd5 Bxd5 7. Nc3 Be6 8. Nge2 Bd6 9. g3 Nd7 10. Bg2 f5 11. Nf4 Bxf4 12. gxf4 Nf6 13. Qc2 g6 14. a3 Qb6 15. Na4 Qb5 16. Nc5 Bd5 17. Bxd5 Nxd5 18. h4 h5 19. O-O-O O-O-O 20. Kb1 Kb8 21. Ka1 Rhe8 22. Rd3 b6 23. Rb3 Qa5 24. Rc1 Ka8 25. Nd3 Rc8 26. Ne5 Ne7 27. Nxf7 Qd5 28. Ne5 c5 29. Rc3 cxd4 30. exd4 Qxd4 31. Nc6 Nxc6 32. Rxc6 Rcd8 33. Rc7 Qd5 34. Qa4 a5 35. Qc2 Rd6 36. Rc8+ Rxc8 37. Qxc8+ Ka7 38. Rc7+ 1-0


[Site "https://www.chess.com"]

[Event "Titled Tuesday Blitz November 14 Late 2023"]
[White "Sakun, Volodymyr"]
[Black "Kovalevsky, Stanislav"]
[WhiteFideId "14114062"]
[BlackFideId "13508598"]
[WhiteElo "2619"]
[BlackElo "2461"]
[Result "1-0"]
[Round "3"]
[TimeControl "180+1"]
[Date "2023.11.14"]
[WhiteClock "0:00:38"]
[BlackClock "0:00:07"]
[Board "74"]

1. e4 c6 2. d4 d5 3. e5 c5 4. Nf3 Bg4 5. dxc5 Nc6 6. a3 Bxf3 7. Qxf3 Nxe5 8. Bb5+ Nc6 9. b4 Nf6 10. Bb2 e6 11. c4 a6 12. Ba4 Be7 13. O-O O-O 14. Rd1 Qc7 15. cxd5 Nxd5 16. Nc3 Ne5 17. Qg3 Nxc3 18. Bxc3 Bf6 19. Rd7 Qxd7 20. Bxd7 Nxd7 21. Rd1 Rfd8 22. Bxf6 Nxf6 23. Rxd8+ Rxd8 24. h3 Nd5 25. Qe5 Kf8 26. f4 g6 27. g4 Ke7 28. f5 gxf5 29. gxf5 Rg8+ 30. Kf2 Rg5 31. f6+ Nxf6 32. Qxg5 h6 33. Qh4 h5 34. Qg5 e5 35. Qxe5+ 1-0


[Site "https://www.chess.com"]

[Event "Titled Tuesday Blitz November 14 Late 2023"]
[White "Sturt, Raven"]
[Black "Kubicka, Anna"]
[WhiteFideId "2007304"]
[BlackFideId "1152254"]
[WhiteElo "2619"]
[BlackElo "2455"]
[Result "0-1"]
[Round "3"]
[TimeControl "180+1"]
[Date "2023.11.14"]
[WhiteClock "0:01:33"]
[BlackClock "0:00:07"]
[Board "75"]

1. f4 d5 2. Nf3 g6 3. e3 Bg7 4. Nc3 c5 5. d4 c4 6. Be2 Nc6 7. O-O Nh6 8. Ne5 O-O 9. Bd2 f6 10. Nxc6 bxc6 11. e4 f5 12. e5 e6 13. b3 cxb3 14. axb3 Rf7 15. Na4 Bf8 16. Qe1 Bd7 17. Bb4 a5 18. Bxf8 Rxf8 19. Nc5 Qc7 20. Qh4 Nf7 21. Rf3 Bc8 22. Rh3 Nd8 23. Kh1 Rf7 24. Bd3 Qe7 25. Qe1 Nb7 26. Nxb7 Qxb7 27. Rxa5 Rxa5 28. Qxa5 Qa7 29. Qxa7 Rxa7 30. Rf3 Ba6 31. c4 Rb7 32. c5 Bxd3 33. Rxd3 Ra7 34. h4 Ra1+ 35. Kh2 Rb1 36. h5 Kg7 37. Rh3 gxh5 38. Rg3+ Kh6 39. Rf3 h4 40. Rd3 Kh5 41. g3 Kg4 42. gxh4 Kxf4 43. Kh3 h5 44. Rd2 Rxb3+ 45. Kg2 Rg3+ 46. Kh2 Rg4 47. Ra2 Rxh4+ 48. Kg2 Rg4+ 49. Kf2 Ke4 50. Ra6 Kxd4 51. Rxc6 Kxe5 52. Rc8 Rc4 53. Ke3 h4 54. Kd3 h3 0-1


[Site "https://www.chess.com"]

[Event "Titled Tuesday Blitz November 14 Late 2023"]
[White "Koc, Przemyslaw"]
[Black "Wadsworth, Matthew J"]
[WhiteFideId "1109081"]
[BlackFideId "415804"]
[WhiteElo "2454"]
[BlackElo "2619"]
[Result "0-1"]
[Round "3"]
[TimeControl "180+1"]
[Date "2023.11.14"]
[WhiteClock "0:00:00"]
[BlackClock "0:02:21"]
[Board "76"]

1. d4 Nf6 2. Nf3 d5 3. g3 c6 4. Bg2 Bf5 5. O-O h6 6. e3 e6 7. Nbd2 Be7 8. b3 a5 9. Bb2 a4 10. bxa4 O-O 11. a3 Qa5 12. c4 Bd3 13. Re1 dxc4 14. Ne5 Qxa4 15. Nxd3 cxd3 16. Qxa4 Rxa4 17. Bf1 Nbd7 18. Bxd3 Rfa8 19. e4 Bxa3 20. Bxa3 Rxa3 21. Rxa3 Rxa3 22. Bb1 Ra4 23. Nf3 Ra1 24. d5 cxd5 25. exd5 Kf8 26. dxe6 fxe6 27. Nd4 Nc5 0-1


[Site "https://www.chess.com"]

[Event "Titled Tuesday Blitz November 14 Late 2023"]
[White "Kostiukov, Alexandr"]
[Black "Fiorito, Francisco"]
[WhiteFideId "14108100"]
[BlackFideId "180165"]
[WhiteElo "2451"]
[BlackElo "2606"]
[Result "0-1"]
[Round "3"]
[TimeControl "180+1"]
[Date "2023.11.14"]
[WhiteClock "0:00:00"]
[BlackClock "0:00:41"]
[Board "77"]

1. g3 d5 2. Bg2 Nf6 3. d3 g6 4. e4 dxe4 5. dxe4 Qxd1+ 6. Kxd1 e5 7. f3 c6 8. Be3 Na6 9. Nd2 Bc5 10. Bh6 Nh5 11. c3 f6 12. Ke2 Be6 13. Bh3 Nc7 14. Bxe6 Nxe6 15. Be3 Nhg7 16. a4 a5 17. Nh3 Ke7 18. Nf2 Bxe3 19. Kxe3 Nc5 20. Nd3 Nxd3 21. Kxd3 Ne6 22. Nb3 b6 23. Rhd1 Kd7 24. Kc2+ Kc7 25. Nd2 b5 26. Nb3 b4 27. c4 h5 28. h4 g5 29. Rh1 Kb6 30. Rad1 Rad8 31. c5+ Ka6 32. Rd6 Rxd6 33. cxd6 c5 34. Kd3 Kb6 35. Kc4 Kc6 36. Rd1 Nd4 37. Nxd4+ cxd4 0-1


[Site "https://www.chess.com"]

[Event "Titled Tuesday Blitz November 14 Late 2023"]
[White "Roberson, Peter T"]
[Black "PoXerStar"]
[WhiteFideId "412384"]
[WhiteElo "2606"]
[BlackElo "2444"]
[Result "1-0"]
[Round "3"]
[TimeControl "180+1"]
[Date "2023.11.14"]
[WhiteClock "0:00:16"]
[BlackClock "0:00:00"]
[Board "78"]

1. e4 c6 2. c3 d5 3. e5 Bf5 4. Nf3 e6 5. d4 c5 6. Be2 Nc6 7. O-O cxd4 8. cxd4 Bg4 9. Nbd2 Nge7 10. h3 Bxf3 11. Nxf3 Nf5 12. g4 Nfe7 13. b4 Ng6 14. b5 Na5 15. Bd2 Nc4 16. Bxc4 dxc4 17. Qa4 Qd7 18. Rac1 Be7 19. Rxc4 O-O 20. Rfc1 Bd8 21. Qc2 Bb6 22. Qe4 f5 23. exf6 Rxf6 24. Be3 Raf8 25. Ne5 Nxe5 26. dxe5 Bxe3 27. Qxe3 Rf3 28. Rc7 Qxb5 29. Qg5 R3f7 30. Rxf7 Rxf7 31. Rc8+ Rf8 32. Rc7 Rf7 33. Qd8+ Rf8 34. Qe7 Qxe5 35. Kf1 1-0


[Site "https://www.chess.com"]